[Event "Team 45 45 League T27"]
[Site "Internet Chess Club"]
[Date "2005.06.26"]
[Round "2"]
[White "searchforbobby1"]
[Black "bobhill"]
[Result "1/2-1/2"]
[WhiteElo "2142"]
[BlackElo "2028"]
[TimeControl "2700+45"]

1. e4 c5 2. Nf3 d6 3. d4 cxd4 4. Nxd4 Nf6 5. Nc3 g6 6. Be3 Bg7 7. f3 Nc6 8. Qd2
O-O 9. Bc4 Bd7 10. h4 Ne5 11. Bb3 Qa5 12. O-O-O Rfc8 13. Kb1 b5 14. Ncxb5 Qxd2
15. Bxd2 Rab8 16. Nc3 Nc4 17. Bxc4 Rxc4 18. Nb3 Be6 19. Be3 a5 20. Rd4 Rcc8 21.
Ra4 Nd7 22. Rxa5 Bxc3 23. bxc3 Rxc3 24. Bd4 Rc6 25. Rd1 Rbc8 26. Rd2 Nc5 27. e5
Bf5 28. Bxc5 dxc5 29. Rb5 Be6 30. c3 R6c7 31. Rb6 Ra7 32. Rb5 Rac7 33. Rb6 Ra7
34. Rb5 Rac7 {Game drawn by repetition} 1/2-1/2

[Event "Team 45 45 League T27"]
[Site "Internet Chess Club"]
[Date "2005.06.26"]
[Round "2"]
[White "BaroneRosso"]
[Black "StrayLite"]
[Result "1-0"]
[WhiteElo "2010"]
[BlackElo "1963"]
[TimeControl "2700+45"]

1. d4 d5 2. c4 e6 3. Nf3 Nf6 4. Bg5 Be7 5. Nc3 h6 6. Bh4 O-O 7. e3 b6 8. Rc1
Nbd7 9. Bd3 dxc4 10. Bxc4 Bb7 11. O-O Ne4 12. Bxe7 Qxe7 13. Nxe4 Bxe4 14. Bd3
Bxd3 15. Qxd3 e5 16. Qe4 Rac8 17. Nxe5 c5 18. Qb7 Rfd8 19. Nc6 Rxc6 20. Qxc6
cxd4 21. exd4 Nf6 22. Rfe1 Qb4 23. Qc3 Nd5 24. Qxb4 Nxb4 25. Red1 Nd5 26. a3 f6
27. Kf1 Kf7 28. g3 Rd7 29. Rc2 Kg6 30. Rdc1 Kf5 31. Rc6 Ke4 32. Re6+ Kxd4 33.
Rcc6 b5 34. Red6 Re7 35. b4 Ke4 36. Re6+ Rxe6 37. Rxe6+ Kd3 38. Ra6 Kc4 39. Rxa7
Kb3 40. Rb7 Nc3 41. Rxg7 Kxa3 42. Rg6 Kxb4 43. Rxf6 Ka3 44. Rxh6 b4 45. h4 b3
46. h5 Na4 47. Rh8 b2 48. Rb8 Ka2 49. h6 {Black resigns} 1-0

[Event "Team 45 45 League T27"]
[Site "Internet Chess Club"]
[Date "2005.06.27"]
[Round "2"]
[White "PaulKaspar"]
[Black "Beetlejuice"]
[Result "0-1"]
[WhiteElo "1835"]
[BlackElo "1924"]
[TimeControl "2700+45"]

1. e4 e5 2. Nf3 Nf6 3. d3 Nc6 4. Nc3 Bb4 5. Bd2 O-O 6. Be2 Re8 7. a3 Ba5 8. b4
Bb6 9. b5 Nd4 10. O-O d5 11. exd5 Nxd5 12. a4 Bf5 13. Nxd5 Nxe2+ 14. Qxe2 Qxd5
15. Nh4 Bd7 16. c4 Qd6 17. Rfc1 a6 18. Be3 Bd4 19. c5 Qf6 20. Bxd4 exd4 21. Qh5
Re5 22. Qf3 Qxh4 23. Qxb7 Qd8 24. bxa6 Rb8 25. Qf3 Qe8 26. a7 Rc8 27. a5 Bc6 28.
Qf4 Ra8 29. Qxd4 Rxa7 30. Qc3 Qe6 31. Rcb1 Ra8 32. d4 Qd5 33. f3 Re2 34. Re1
Rae8 35. Rxe2 Rxe2 36. Rb1 Qa2 37. Rb8+ Be8 38. Rxe8+ Rxe8 39. Qb4 Qe2 40. d5
Qe1+ 41. Qxe1 Rxe1+ 42. Kf2 Ra1 43. d6 cxd6 44. cxd6 Rxa5 {White resigns} 0-1

[Event "Team 45 45 League T27"]
[Site "Internet Chess Club"]
[Date "2005.06.23"]
[Round "2"]
[White "camembert"]
[Black "six-killer"]
[Result "1-0"]
[WhiteElo "1802"]
[BlackElo "1758"]
[TimeControl "2700+45"]

1. e4 c5 2. Nf3 d6 3. d4 cxd4 4. Qxd4 Nc6 5. Bb5 Bd7 6. Bxc6 Bxc6 7. Nc3 Nf6 8.
Bg5 e6 9. O-O-O Be7 10. Qd3 Qa5 11. h4 h6 12. Bxf6 Bxf6 13. Nd4 O-O 14. g4 Bxh4
15. f4 Bf6 16. g5 Bxd4 17. Qxd4 e5 18. Qf2 Rfd8 19. gxh6 gxh6 20. Rxh6 Kf8 21.
Qh4 {Black resigns} 1-0

[Event "Team 45 45 League T27"]
[Site "Internet Chess Club"]
[Date "2005.06.26"]
[Round "2"]
[White "AMAV"]
[Black "kostasgr"]
[Result "1-0"]
[WhiteElo "2119"]
[BlackElo "2074"]
[TimeControl "2700+45"]

1. e4 d5 2. exd5 Qxd5 3. Nc3 Qa5 4. d4 c6 5. Nf3 Bf5 6. Bd2 e6 7. Bc4 Nf6 8. Nd5
Qd8 9. Nxf6+ gxf6 10. Bb3 a5 11. a4 Na6 12. Qe2 Nb4 13. O-O-O Qb6 14. Nh4 Bxc2
15. Bxc2 Nxc2 16. Kxc2 Qxd4 17. Nf3 Qxa4+ 18. Kb1 O-O-O 19. Bc3 Be7 20. h3 h5
21. Nd4 Rd6 22. Nc2 Rxd1+ 23. Rxd1 h4 24. Qf3 Qb3 25. Rd3 Rd8 26. Rxd8+ Bxd8 27.
Qh5 Qd5 28. Qxd5 cxd5 29. Nd4 f5 30. Kc2 Kd7 31. Nf3 Bb6 32. Bd4 Bd8 33. Be3 Bf6
34. Bg5 Bg7 35. Nxh4 Bd4 36. Be3 Bf6 37. Nf3 e5 38. Bg5 Bg7 39. h4 Ke6 40. Bd8
a4 41. Ng5+ Kd7 42. Ba5 f6 43. Nf7 Ke7 44. Nd8 f4 45. Nxb7 Ke6 46. Nc5+ Kf5 47.
Nxa4 Kg4 48. b4 Bf8 49. b5 Bd6 50. b6 d4 51. Kd3 f5 52. b7 Kxh4 53. Nc5 Bb8 54.
Ne6 Kg4 55. Bc7 Ba7 56. Bxe5 f3 57. g3 Kh3 58. Bxd4 Bb8 59. Ke3 {Black resigns}
1-0

[Event "Team 45 45 League T27"]
[Site "Internet Chess Club"]
[Date "2005.06.25"]
[Round "2"]
[White "DeLaSalle"]
[Black "MiroslavR"]
[Result "1/2-1/2"]
[WhiteElo "2012"]
[BlackElo "2012"]
[TimeControl "2700+45"]

1. d4 Nf6 2. Nf3 g6 3. Nc3 d5 4. Bf4 Bg7 5. e3 O-O 6. Be2 a6 7. Ne5 Nbd7 8. h4
e6 9. h5 c5 10. hxg6 hxg6 11. Qd2 b5 12. Nc6 Qe8 13. Bd6 Nh7 14. Ne7+ Kh8 15.
Nxc8 Rxc8 16. Bxf8 Qxf8 17. O-O-O c4 18. Rh2 Kg8 19. Rdh1 Nhf6 20. Bf3 b4 21.
Na4 c3 22. Qd3 cxb2+ 23. Kxb2 Qd6 24. g4 Qc6 25. Qb3 Nb6 26. Nxb6 Qxb6 27. g5
Ne8 28. Be2 Nd6 29. Kc1 Ne4 30. a3 a5 31. axb4 axb4 32. Bd3 Nd6 33. Kd2 Nc4+ 34.
Ke2 e5 35. Rb1 exd4 36. Qxb4 Qe6 37. Bxc4 dxc4 38. Rh4 dxe3 39. fxe3 c3 40. Qe4
Qa6+ 41. Qd3 Qc6 42. Kf2 Qc7 43. Rd1 Be5 44. Rg4 Ra8 45. Qd5 Rb8 46. Rc4 Qe7 47.
Re4 Re8 48. Rg4 Rb8 49. Qd7 Qxd7 50. Rxd7 Rb2 51. Re4 Rxc2+ 52. Kf3 Rd2 53. Rxd2
cxd2 54. Ke2 Bc3 55. Rc4 Ba5 56. Rd4 Kf8 57. Kf3 Ke7 58. Ke2 Ke6 59. Kd1 Bc3 60.
Rc4 Ba5 61. Ra4 Bc3 62. Rc4 Ba5 63. Rd4 Ke5 64. Kc2 Bb6 65. Rd3 Ba5 66. Ra3 Bd8
67. Kxd2 Kf5 68. Ra7 Ke6 69. Ra6+ Kf5 70. Ra7 Ke6 {Game drawn by mutual
agreement} 1/2-1/2

[Event "Team 45 45 League T27"]
[Site "Internet Chess Club"]
[Date "2005.06.26"]
[Round "2"]
[White "Squaredance"]
[Black "rss"]
[Result "1/2-1/2"]
[WhiteElo "1955"]
[BlackElo "1819"]
[TimeControl "2700+45"]

1. Nf3 d5 2. d4 Nf6 3. e3 Bf5 4. c4 c6 5. Nc3 e6 6. a3 Nbd7 7. cxd5 cxd5 8. Bb5
a6 9. Bxd7+ Nxd7 10. O-O Bd6 11. Re1 Nf6 12. Bd2 O-O 13. Rc1 b5 14. b4 Rc8 15.
Nh4 Bd3 16. Nf3 Bc4 17. e4 dxe4 18. Nxe4 Nxe4 19. Rxe4 Be7 20. Re1 Bf6 21. Be3
Qd7 22. Ne5 Qd5 23. Qf3 Bxe5 24. Qxd5 Bxh2+ 25. Kxh2 Bxd5 26. Rc5 Rc6 {Game
drawn by mutual agreement} 1/2-1/2

[Event "Team 45 45 League T27"]
[Site "Internet Chess Club"]
[Date "2005.06.26"]
[Round "2"]
[White "ARONOVICH"]
[Black "tourettes"]
[Result "1-0"]
[WhiteElo "1737"]
[BlackElo "1793"]
[TimeControl "2700+45"]

1. e4 c5 2. Nf3 d6 3. d4 cxd4 4. Nxd4 Nf6 5. Nc3 a6 6. f4 e6 7. Be2 Qc7 8. g4
Be7 9. g5 Nfd7 10. Bd2 Qb6 11. Nb3 Nc6 12. Na4 Qa7 13. Bd3 b5 14. Nc3 Bb7 15.
Qh5 Nc5 16. O-O-O Nxd3+ 17. cxd3 Rc8 18. Kb1 g6 19. Qh3 Bf8 20. f5 exf5 21. exf5
gxf5 22. Rhe1+ Ne7 23. Na5 Ba8 24. Qxf5 Qc7 25. Rc1 Qd7 26. Qf6 Rg8 27. Ne4 Rg6
28. Rxc8+ {Black resigns} 1-0